Map: Avalon Labs

Players

Sorceror - Winner!

  • Race: Zerg Zerg

ZeroTone - Winner!

  • Race: Terran Terran

PHX - Winner!

  • Race: Zerg Zerg

favandre

  • Race: Protoss Protoss

Krizy

  • Race: Terran Terran

ranaxrbx

  • Race: Terran Terran

VOD

Have the link to the VOD?

Description

Time

  • Played on: Feb. 2, 2016, 3:38 p.m.
  • Length: 26:40
Show
View Real Time Build Order
Export as new Build Order

Sorceror Zerg - Winner!

Build Orders: Hatch First 

Get SALT Encoding   

  12  0:01  Drone  
  13  0:08  Drone  
  14  0:17  Extractor  
  14  0:18  Overlord  
  13  0:29  Drone  
  14  1:11  Hatchery  
  13  1:18  Spawning Pool  
  12  1:39  Drone  
  13  1:40  Drone x2  
  15  1:51  Drone  
  16  2:01  Drone  
  16  2:04  Metabolic Boost  
  17  2:11  Queen  
  19  2:41  Queen  
  19  2:43  Drone x3  
  19  2:44  Drone x2  
  26  2:47  Drone  
  27  2:53  Spine Crawler  
  26  3:01  Queen  
  28  3:07  Overlord  
  28  3:13  Overlord  
  28  3:26  Drone x2  
  30  3:28  Drone x3  
  30  3:30  Drone  
  34  3:37  Spore Crawler  
  34  3:40  Spore Crawler  
  32  3:46  Roach Warren  
  31  3:56  Drone x2  
  31  3:57  Drone x2  
  35  4:12  Overlord x3  
  35  4:17  Extractor  
  35  4:18  Extractor  
  35  4:19  Drone x2  
  35  4:21  Drone  
  36  4:44  Queen  
  38  4:56  Lair  
  38  5:00  Drone x2  
  38  5:02  Drone x2  
  38  5:03  Drone  
  38  5:04  Drone  
  38  5:05  Drone x2  
  38  5:06  Drone x3  
  49  5:12  Spore Crawler  
  49  5:13  Drone x2  
  50  5:19  Drone  
  51  5:21  Evolution Chamber  
  51  5:25  Evolution Chamber  
  51  5:27  Spore Crawler  
  48  5:36  Roach x6  
  60  5:49  Overlord x3  
  60  6:02  Overlord x3  
  60  6:07  Roach  
  60  6:08  Roach x4  
  60  6:11  Zerg Missile Weapons Level 1  
  70  6:16  Evolution Chamber  
  69  6:22  Spine Crawler  
  68  6:28  Roach x3  
  68  6:29  Roach x3  
  80  6:48  Zerg Ground Armor Level 1  
  80  6:49  Ravager  
  80  6:52  Hydralisk Den  
  80  6:56  Ravager  
  80  7:00  Ravager x2  
  83  7:07  Extractor  
  82  7:12  Overlord x2  
  82  7:13  Overlord  
  82  7:20  Drone x3  
  82  7:21  Drone  
  86  7:25  Spore Crawler  
  86  7:28  Hydralisk  
  86  7:29  Hydralisk x3  
  93  7:34  Drone x3  
  96  7:38  Drone  
  97  7:56  Spire  
  96  8:00  Hydralisk  
  98  8:20  Muscular Augments  
  98  8:27  Zerg Missile Weapons Level 2  
  98  8:49  Hydralisk x3  
  98  8:50  Hydralisk  
  98  8:54  Ravager  
  107  9:03  Ravager  
  109  9:10  Ravager  
  109  9:11  Overlord x4  
  109  9:18  Hatchery  
  108  9:24  Zergling x2  
  108  9:25  Zergling x30  
  124  9:42  Drone x2  
  126  9:50  Hydralisk x2  
  126  9:51  Hydralisk x4  
  138  10:08  Glial Reconstitution, Lurker Den  
  138  10:24  Ravager  
  138  10:25  Ravager  
  140  10:29  Queen  
  142  10:42  Zerg Ground Armor Level 2  
  142  10:44  Zergling x2  
  142  10:45  Zergling x26  
  142  10:48  Extractor  
  155  10:54  Extractor  
  155  10:55  Infestation Pit  
  153  10:59  Spore Crawler x2  
  153  11:00  Spore Crawler  
  153  11:02  Drone x3  
  153  11:05  Queen  
  155  11:11  Drone  
  155  11:12  Drone x2  
  155  11:13  Drone x3  
  161  11:44  Overlord x2  
  161  11:45  Overlord x2  
  161  11:56  Drone  
  162  12:02  Queen  
  163  12:08  Hydralisk x3  
  163  12:09  Hydralisk x6  
  163  12:10  Hydralisk x2  
  185  12:21  Baneling Nest  
  112  12:37  Roach  
  112  12:38  Roach x6  
  112  12:39  Roach  
  101  12:59  Hydralisk x5  
  111  13:07  Hive  
  111  13:40  Drone x6  
  111  13:41  Drone x2  
  119  13:55  Hydralisk  
  119  13:56  Hydralisk x3  
  119  14:00  Hatchery  
  126  14:03  Ravager x7  
  126  14:04  Ravager  
  134  14:25  Hydralisk x4  
  142  14:55  Roach  
  142  14:56  Roach x7  
  155  15:13  Hydralisk x2  
  129  15:30  Roach  
  129  15:31  Roach  
  95  15:41  Hydralisk x6  
  76  16:08  Spore Crawler  
  75  16:12  Spore Crawler  
  72  16:22  Extractor  
  72  16:24  Extractor  
  70  16:29  Roach  
  70  16:30  Roach x8  
  88  16:34  Hatchery  
  88  16:39  Queen  
  89  17:03  Centrifical Hooks  
  89  17:05  Roach x7  
  103  17:34  Zerg Ground Armor Level 3, Zerg Missile Weapons Level 3  
  103  17:43  Adrenal Glands  
  103  17:52  Queen  
  105  18:09  Zergling x2  
  105  18:10  Zergling x12  
  112  18:15  Ravager x5  
  112  18:16  Ravager x3  
  112  18:17  Ravager  
  121  18:26  Extractor  
  120  18:27  Extractor  
  111  18:46  Hydralisk x3  
  111  18:47  Hydralisk x4  
  102  19:17  Hydralisk x5  
  102  19:18  Hydralisk  
  114  19:42  Greater Spire  
  114  19:57  Hatchery  
  113  20:05  Ultralisk Cavern  
  110  20:11  Hydralisk x6  
  110  20:12  Hydralisk x2  
  90  20:25  Zergling x2  
  90  20:26  Zergling x40  
  111  20:52  Zergling x4  
  111  20:53  Zergling x8  
  117  21:10  Roach  
  117  21:11  Roach  
  121  21:13  Zergling x2  
  121  21:14  Zergling x20  
  130  21:32  Spore Crawler  
  122  21:34  Spore Crawler  
  122  21:36  Hydralisk x3  
  124  21:59  Drone x4  
  124  22:00  Drone x2  
  128  22:12  Queen  
  130  22:18  Spore Crawler  
  76  23:03  Roach x15  
  76  23:04  Roach x4  
  104  23:26  Roach x5  
  114  23:27  Zergling x2  
  114  23:28  Zergling x10  
  120  23:34  Extractor x2  
  118  23:50  Spore Crawler  
  118  23:52  Hydralisk, Spore Crawler  
  118  23:53  Hydralisk x2  
  122  23:55  Zergling x2  
  122  23:56  Zergling x8  
  122  24:00  Drone x2  
  122  24:02  Drone  
  130  24:03  Drone  
  130  24:06  Drone  
  132  24:28  Chitinous Plating  
  132  24:39  Drone  
  132  24:40  Drone x3  
  132  24:45  Spore Crawler  
  135  24:59  Roach x7  
  153  25:00  Roach x3  
  153  25:05  Ravager  
  154  25:32  Hydralisk  
  154  25:33  Hydralisk x5  
  145  26:07  Hydralisk x7  
  145  26:08  Hydralisk  
Show
View Real Time Build Order
Export as new Build Order

ZeroTone Terran - Winner!

Build Orders: MMM Bio 

Get SALT Encoding   

  12  0:01  SCV  
  13  0:13  SCV  
  14  0:18  Supply Depot  
  14  0:48  Barracks  
  14  0:50  Refinery  
  14  0:51  SCV  
  15  1:03  Barracks, SCV  
  16  1:19  SCV  
  16  1:21  Refinery  
  17  1:31  SCV  
  18  1:48  Orbital Command  
  18  2:08  Command Center  
  18  2:11  Barracks Tech Lab  
  18  2:15  Barracks Reactor  
  18  2:23  SCV  
  19  2:40  SCV  
  20  2:52  SCV  
  20  2:55  Stimpack  
  20  2:56  Barracks  
  21  3:04  SCV  
  22  3:09  Factory  
  22  3:14  Supply Depot  
  22  3:17  Supply Depot  
  22  3:21  Orbital Command  
  22  3:29  Refinery  
  22  3:30  SCV  
  23  3:37  Marauder  
  25  3:42  SCV  
  26  3:50  Engineering Bay  
  26  3:57  Marine  
  26  3:59  Marine, Marauder  
  30  4:11  SCV  
  30  4:15  SCV  
  32  4:24  Factory Tech Lab  
  32  4:27  SCV  
  33  4:35  Supply Depot, Missile Turret  
  33  4:38  Supply Depot  
  33  4:39  SCV, Missile Turret  
  34  4:51  SCV  
  34  4:52  Terran Infantry Weapons Level 1  
  35  5:03  SCV  
  35  5:06  Siege Tank  
  39  5:15  SCV  
  39  5:19  Refinery  
  40  5:24  Starport  
  40  5:27  SCV, Starport  
  41  5:29  Starport, Barracks Reactor  
  40  5:40  SCV  
  36  5:48  Siege Tank  
  36  5:52  SCV  
  36  5:56  Liberator x2  
  36  5:57  Liberator  
  37  6:04  SCV  
  38  6:16  SCV  
  48  6:28  SCV  
  49  6:37  Missile Turret  
  49  6:40  Siege Tank  
  52  6:51  Barracks Tech Lab  
  52  6:55  Marine  
  52  6:58  Missile Turret  
  53  7:04  Barracks Reactor  
  53  7:07  Supply Depot  
  53  7:08  Supply Depot  
  53  7:10  Supply Depot x2  
  53  7:12  Liberator  
  53  7:13  Marine, Liberator x2  
  54  7:19  Missile Turret  
  54  7:29  Siege Tank  
  60  7:31  Combat Shields, Marine  
  60  7:36  Marine  
  68  7:38  SCV  
  69  7:46  Supply Depot  
  69  7:48  Supply Depot, Marine  
  69  7:50  SCV  
  71  7:54  Marine  
  72  8:01  Marine x2  
  72  8:03  SCV  
  75  8:06  Marine  
  75  8:12  Marine  
  77  8:16  Command Center, Starport Tech Lab  
  77  8:19  Marine x2  
  79  8:22  Starport Reactor  
  79  8:28  Marine  
  79  8:30  Marine  
  81  8:36  Marine  
  81  8:38  Liberator x2  
  82  8:43  Liberator  
  72  8:48  Marauder  
  81  9:03  Marine x3  
  81  9:09  Marine  
  85  9:12  Supply Depot  
  85  9:15  Supply Depot  
  85  9:16  Medivac  
  87  9:17  Supply Depot  
  87  9:18  Supply Depot  
  87  9:21  Marine x3, Liberator x2  
  90  9:27  Marine  
  90  9:28  Armory  
  91  9:31  Terran Infantry Armor Level 1  
  94  9:39  Marine  
  98  10:00  Liberator  
  98  10:01  SCV, Liberator  
  98  10:03  Liberator  
  98  10:04  Liberator  
  99  10:14  Fusion Core  
  111  10:29  Marine  
  111  10:30  Marine x3  
  115  10:40  Barracks  
  115  10:42  Barracks  
  115  10:43  Barracks  
  115  10:46  Terran Vehicle Weapons Level 1, Liberator  
  115  10:47  Marine x2  
  115  10:48  Marine x2  
  115  10:49  Barracks  
  119  10:55  Supply Depot  
  119  10:57  Planetary Fortress  
  122  11:05  Marine x4  
  122  11:11  Advanced Ballistics  
  126  11:15  Liberator  
  126  11:17  Supply Depot  
  126  11:31  Barracks  
  129  11:36  SCV  
  129  11:39  Supply Depot  
  130  11:49  SCV  
  131  11:54  Barracks Reactor  
  131  11:58  Barracks Reactor  
  131  12:00  Liberator x2  
  131  12:01  SCV  
  132  12:02  Supply Depot  
  132  12:06  Marine x3  
  132  12:08  Concussive Shells  
  135  12:09  Barracks Reactor  
  135  12:13  SCV, Barracks Reactor  
  136  12:16  Marine  
  143  12:24  Marine x3  
  143  12:25  SCV  
  147  12:33  Marine  
  148  12:42  Marine x3  
  148  12:51  Marine  
  149  13:00  Marine x2  
  115  13:30  Marine x2  
  115  13:31  Marine x11  
  128  13:34  SCV  
  128  13:36  Refinery  
  128  13:39  Refinery  
  129  13:46  SCV  
  129  13:48  Marine x3  
  130  13:49  Marine x10  
  143  13:59  SCV  
  140  14:06  Marine x3  
  140  14:07  Marine x6  
  140  14:11  SCV  
  139  14:18  Liberator x2  
  139  14:19  Liberator x3  
  139  14:23  SCV  
  117  14:28  Marine x7  
  117  14:29  Marine x6  
  135  14:40  Terran Vehicle Weapons Level 2  
  135  14:45  Marine  
  135  14:46  Marine x4  
  135  14:50  Missile Turret  
  135  14:51  Missile Turret  
  140  14:53  Missile Turret  
  140  14:54  Missile Turret  
  140  15:01  Liberator x2  
  140  15:30  Marine x2  
  140  15:31  Marine x6  
  140  15:32  Marine x5  
  153  15:48  Marine x3  
  153  15:49  Marine  
  143  16:28  Marine x4, Marauder  
  143  16:29  Marine x5  
  154  16:49  Marauder  
  154  16:52  Medivac  
  154  16:53  Medivac x2  
  162  16:55  Marine x3  
  162  16:56  Marine, Terran Vehicle And Ship Armor Level 1  
  160  17:06  Orbital Command  
  160  17:11  Marauder  
  162  17:23  Medivac x2  
  162  17:32  Marauder  
  164  17:37  Marine x5  
  164  17:38  Marine x4  
  173  17:46  SCV  
  174  17:54  Marauder  
  176  17:59  SCV  
  177  18:11  SCV  
  175  18:15  Marauder  
  134  18:20  Siege Tank  
  134  18:23  SCV  
  90  18:52  Siege Tank  
  52  19:24  Siege Tank  
  52  19:31  Liberator x3  
  52  19:36  Refinery x2  
  61  19:56  Siege Tank  
  60  20:14  Liberator  
  57  20:28  Siege Tank  
  63  20:59  Marine x2  
  63  21:00  Marine x11  
  76  21:17  Marine x3  
  76  21:18  Marine x10  
  79  21:25  Missile Turret  
  89  21:26  Missile Turret  
  89  21:29  Missile Turret x2  
  89  21:30  Missile Turret  
  89  21:35  Marine x3  
  89  21:36  Marine x3  
  95  21:43  Liberator  
  95  21:44  Missile Turret  
  95  21:57  Marine x4  
  95  21:58  Marine x3  
  105  22:05  Missile Turret  
  105  22:11  Marine x4  
  105  22:12  Marine x2  
  105  22:15  Marine x3  
  69  23:23  Marine  
  69  23:24  Marine x7  
  69  23:25  Marine x2, Marauder  
  78  23:46  Command Center, Marauder  
  80  23:58  SCV  
  81  24:07  Marauder  
  83  24:10  SCV  
  84  24:24  Marine x6  
  85  24:25  Marine x6  
  85  24:29  Marauder  
  98  24:37  Engineering Bay  
  98  24:41  Orbital Command, Marine  
  99  24:50  Marauder  
  101  24:58  Medivac x2  
  105  25:05  Refinery  
  105  25:06  Refinery  
  93  25:28  Medivac  
  64  25:59  Marine x4  
  64  26:00  Marine x6  
  64  26:01  Marine  
  75  26:09  Missile Turret  
  75  26:12  Orbital Command  
Show
View Real Time Build Order
Export as new Build Order

PHX Zerg - Winner!

Build Orders: Pool First 

Get SALT Encoding   

  12  0:01  Drone  
  13  0:08  Drone  
  14  0:28  Spawning Pool  
  13  0:29  Drone  
  14  0:37  Overlord  
  14  0:54  Extractor  
  14  0:55  Drone  
  14  0:56  Drone x2  
  16  1:08  Drone  
  17  1:14  Queen  
  17  1:17  Drone  
  20  1:35  Hatchery  
  19  1:40  Drone  
  19  1:42  Drone  
  21  1:49  Overlord  
  21  1:58  Metabolic Boost  
  21  2:00  Drone  
  22  2:11  Drone  
  23  2:22  Baneling Nest  
  22  2:26  Zergling x2  
  22  2:27  Zergling x6  
  26  2:41  Overlord  
  26  2:54  Zergling x4  
  28  3:01  Queen  
  28  3:05  Zergling x6  
  32  3:06  Zergling x4  
  35  3:16  Roach Warren  
  34  3:26  Drone  
  35  3:30  Drone  
  35  3:31  Overlord  
  35  3:33  Overlord  
  36  3:49  Zergling x10  
  41  4:05  Drone x4  
  45  4:10  Lair  
  45  4:14  Extractor  
  45  4:16  Drone  
  45  4:19  Drone  
  45  4:20  Drone  
  45  4:23  Drone  
  48  4:40  Spore Crawler  
  48  4:43  Spore Crawler  
  36  5:10  Queen  
  36  5:11  Drone x6  
  36  5:12  Drone  
  45  5:18  Drone  
  45  5:20  Drone  
  47  5:23  Drone  
  47  5:26  Drone  
  49  5:35  Baneling  
  49  5:36  Baneling x6  
  45  6:04  Roach x7  
  47  6:22  Zergling x6  
  50  6:39  Extractor  
  49  6:41  Extractor  
  49  6:45  Zergling x6  
  49  6:46  Zergling x2  
  52  6:48  Overlord x4  
  52  6:55  Glial Reconstitution  
  52  7:04  Overlord x2  
  52  7:05  Overlord  
  52  7:18  Zergling x2  
  52  7:19  Zergling x14  
  60  7:26  Evolution Chamber  
  60  7:28  Evolution Chamber  
  60  7:29  Evolution Chamber  
  57  7:30  Drone  
  57  7:31  Drone  
  59  7:57  Roach  
  59  7:58  Roach x5  
  71  8:11  Drone x4  
  75  8:19  Zerg Melee Weapons Level 1  
  75  8:23  Zerg Missile Weapons Level 1  
  34  8:51  Roach  
  34  8:52  Roach x6  
  48  9:14  Hydralisk Den  
  47  9:31  Zerg Ground Armor Level 1  
  47  9:34  Tunneling Claws  
  47  9:36  Burrow  
  47  9:39  Drone x4  
  47  9:40  Drone x3  
  54  9:58  Hydralisk x2  
  54  9:59  Hydralisk x2  
  62  10:20  Hydralisk  
  62  10:21  Hydralisk x4  
  72  10:46  Hydralisk  
  72  10:47  Hydralisk x5  
  84  11:00  Hatchery  
  83  11:14  Zergling x2  
  83  11:15  Zergling x14  
  83  11:16  Zergling x2  
  92  11:27  Muscular Augments  
  92  11:41  Hydralisk x2  
  92  11:42  Hydralisk x3  
  104  11:47  Ravager x2  
  51  13:11  Hydralisk  
  51  13:12  Hydralisk x13  
  75  13:43  Hydralisk  
  75  13:44  Hydralisk x4  
  75  13:45  Zergling x2  
  75  13:46  Zergling x12  
  92  14:05  Drone x3  
  95  14:30  Spore Crawler  
  95  14:31  Spore Crawler  
  93  14:33  Zerg Missile Weapons Level 2, Spore Crawler x2, Zerg Melee Weapons Level 2  
  93  14:38  Zerg Ground Armor Level 2  
  91  14:46  Queen  
  93  15:02  Lurker Den  
  93  15:21  Hydralisk x2  
  93  15:22  Hydralisk x4  
  90  16:25  Zergling x2  
  91  16:26  Zergling x30  
  106  17:12  Overlord x3  
  106  17:13  Overlord x2  
  106  17:22  Overlord  
  100  17:54  Hydralisk  
  100  17:55  Hydralisk x17  
  100  17:56  Hydralisk  
  78  18:41  Lurker x6  
  79  18:42  Lurker x5  
  79  18:43  Lurker  
  79  18:47  Zergling x2  
  79  18:48  Zergling x16  
  99  19:23  Zergling x2  
  102  19:24  Zergling x22  
  102  19:25  Extractor  
  102  19:28  Extractor  
  109  19:50  Hydralisk  
  109  19:51  Hydralisk x4  
  84  20:21  Hydralisk  
  84  20:22  Hydralisk x3  
  89  20:56  Zergling x2  
  89  20:57  Zergling x18  
  92  21:19  Lurker  
  93  21:34  Spore Crawler  
  45  22:48  Hydralisk  
  45  22:49  Hydralisk x13  
  73  23:27  Hydralisk x2  
  77  23:49  Infestation Pit  
  62  25:43  Zergling x26  
  62  25:44  Zergling x42  
  74  26:16  Zergling x2  
  74  26:17  Zergling x14  
Show
View Real Time Build Order
Export as new Build Order

favandre Protoss 

Build Orders: Oracle Opening 

Get SALT Encoding   

  12  0:15  Probe (Chrono Boost)  
  13  0:22  Pylon  
  13  0:25  Assimilator  
  13  0:26  Probe (Chrono Boost)  
  14  0:36  Probe (Chrono Boost)  
  15  0:47  Probe (Chrono Boost)  
  16  0:55  Gateway  
  16  0:57  Probe (Chrono Boost)  
  16  0:59  Assimilator  
  17  1:08  Probe (Chrono Boost)  
  18  1:18  Probe (Chrono Boost)  
  18  1:21  Pylon  
  19  1:29  Probe (Chrono Boost)  
  21  1:40  Probe (Chrono Boost)  
  21  1:42  Cybernetics Core  
  21  1:50  Probe (Chrono Boost)  
  22  2:01  Probe (Chrono Boost)  
  23  2:06  Pylon  
  23  2:20  Stargate  
  23  2:22  Stargate  
  23  2:25  Forge  
  23  2:34  Probe (Chrono Boost)  
  24  3:01  Photon Cannon  
  24  3:04  Photon Cannon  
  24  3:07  Photon Cannon  
  24  3:18  Oracle x2  
  30  3:30  Photon Cannon  
  30  3:52  Nexus  
  30  4:07  Phoenix  
  32  4:10  Phoenix  
  31  4:53  Phoenix x2  
  31  4:55  Protoss Air Armor Level 1  
  35  5:00  Cybernetics Core  
  35  5:05  Assimilator  
  35  5:08  Assimilator  
  35  5:10  Probe x2 (Chrono Boost)  
  34  5:26  Phoenix x2  
  38  6:08  Phoenix x2  
  42  6:15  Protoss Air Weapons Level 1 (Chrono Boost)  
  42  6:21  Probe x2 (Chrono Boost)  
  44  6:31  Probe x2 (Chrono Boost)  
  46  6:33  Phoenix  
  48  6:42  Probe (Chrono Boost)  
  49  6:57  Phoenix  
  49  6:58  Phoenix  
  53  7:13  Probe (Chrono Boost)  
  54  7:25  Pylon  
  54  7:31  Pylon  
  54  7:32  Fleet Beacon  
  54  7:34  Nexus  
  54  7:44  Probe x2 (Chrono Boost)  
  56  7:54  Probe x2 (Chrono Boost)  
  56  7:56  Phoenix x2  
  62  8:15  Protoss Shields Level 1  
  62  8:19  Protoss Air Weapons Level 2 (Chrono Boost)  
  62  8:25  Protoss Air Armor Level 2 (Chrono Boost)  
  60  9:04  Phoenix  
  60  9:05  Phoenix  
  60  9:08  Probe  
  65  9:18  Probe  
  66  9:29  Probe, Void Ray x2  
  75  9:31  Stargate  
  75  9:39  Pylon  
  75  9:40  Pylon, Probe  
  75  9:42  Probe  
  77  9:50  Probe  
  78  9:54  Probe  
  79  10:01  Probe  
  79  10:05  Photon Cannon  
  79  10:06  Probe  
  79  10:07  Photon Cannon  
  81  10:09  Photon Cannon  
  81  10:10  Photon Cannon  
  81  10:11  Probe  
  81  10:12  Photon Cannon  
  82  10:21  Phoenix x3  
  88  10:22  Probe  
  89  10:30  Assimilator  
  89  10:32  Probe  
  89  10:34  Assimilator  
  90  10:43  Probe  
  90  10:45  Protoss Air Weapons Level 3 (Chrono Boost)  
  90  10:49  Protoss Air Armor Level 3 (Chrono Boost)  
  91  10:53  Probe  
  92  11:04  Probe  
  92  11:08  Void Ray x2  
  101  11:22  Pylon  
  101  11:24  Pylon  
  101  11:30  Pylon  
  101  11:32  Pylon  
  101  11:38  Pylon, Probe  
  101  11:39  Void Ray  
  101  11:44  Pylon  
  101  11:46  Pylon  
  106  11:49  Probe  
  107  11:57  Phoenix x2  
  111  12:12  Stargate  
  110  12:16  Stargate  
  110  12:17  Probe  
  110  12:22  Phoenix x3  
  114  12:28  Probe  
  116  13:04  Stargate  
  102  13:06  Stargate  
  80  13:28  Phoenix x4  
  80  13:29  Phoenix  
  90  14:01  Phoenix x6  
  90  14:02  Phoenix  
  97  14:23  Assimilator  
  86  14:31  Probe  
  86  14:42  Probe  
  87  14:52  Probe  
  87  14:59  Nexus  
  88  15:03  Probe  
  89  15:13  Probe  
  90  15:24  Probe  
  69  15:54  Phoenix  
  69  15:55  Phoenix x6  
  65  16:19  Phoenix  
  65  16:20  Assimilator  
  65  16:22  Void Ray x5  
  85  16:44  Phoenix x2  
  89  17:04  Probe  
  89  17:05  Phoenix  
  92  17:12  Zealot  
  92  17:15  Probe  
  95  17:25  Probe  
  95  17:29  Phoenix x3  
  102  17:30  Phoenix x4  
  102  17:36  Probe  
  110  17:39  Zealot  
  72  18:06  Zealot  
  74  18:27  Nexus  
  74  18:30  Probe  
  74  18:31  Probe  
  74  18:33  Nexus, Zealot  
  78  18:43  Probe x2  
  80  18:55  Probe x2  
  82  19:00  Zealot  
  84  19:07  Probe x2  
  80  19:13  Void Ray  
  80  19:14  Void Ray x3  
  94  19:19  Probe x2  
  96  19:27  Zealot  
  98  19:45  Phoenix  
  98  19:46  Phoenix  
  102  19:54  Assimilator  
  102  19:55  Zealot  
  104  20:03  Assimilator  
  102  20:10  Probe  
  93  20:21  Probe  
  83  20:22  Zealot  
  83  20:24  Assimilator  
  86  20:29  Assimilator  
  86  20:31  Probe  
  87  21:35  Void Ray  
  35  23:10  Void Ray x2  
  37  23:34  Void Ray  
  40  24:28  Nexus  
  40  24:30  Nexus  
  40  24:31  Assimilator  
  40  24:32  Assimilator  
  40  24:45  Pylon  
  40  24:46  Pylon  
Show
View Real Time Build Order
Export as new Build Order

Krizy Terran 

Build Orders:  

Get SALT Encoding   

  12  0:01  SCV  
  13  0:13  SCV  
  14  0:18  Refinery  
  14  0:31  Supply Depot  
  14  0:41  SCV  
  15  0:55  Barracks  
  15  1:03  SCV  
  16  1:04  Barracks  
  16  1:15  SCV  
  17  1:30  SCV  
  18  1:42  SCV  
  18  1:43  Refinery  
  19  1:50  Factory  
  19  1:56  Barracks Tech Lab  
  19  2:00  Supply Depot  
  19  2:02  Barracks Reactor  
  19  2:03  SCV  
  20  2:15  SCV  
  21  2:19  Marine  
  22  2:45  Marine x2  
  22  2:50  SCV  
  25  2:55  Siege Tank  
  28  3:03  Barracks Tech Lab, Orbital Command  
  28  3:09  Marine x2  
  30  3:27  Supply Depot  
  30  3:29  Supply Depot  
  30  3:50  Command Center  
  30  3:55  SCV  
  31  4:07  SCV  
  32  4:15  Siege Tank  
  32  4:16  Marine x3  
  38  4:19  Combat Shields  
  38  4:26  Engineering Bay  
  38  4:53  Siege Tank  
  41  5:01  Missile Turret  
  41  5:13  Orbital Command  
  41  5:23  Sensor Tower  
  41  5:29  Missile Turret  
  41  5:34  Missile Turret  
  41  5:35  Missile Turret  
  30  6:10  Siege Tank  
  30  6:11  Marine x3  
  33  6:13  SCV  
  33  6:14  SCV  
  38  6:24  Refinery  
  38  6:25  SCV  
  38  6:26  SCV  
  38  6:27  Refinery  
  38  6:29  Marine x2  
  42  6:38  SCV x2  
  44  6:44  Siege Tank  
  44  6:46  Marauder  
  49  6:49  Terran Infantry Armor Level 1  
  49  6:50  SCV x2  
  49  6:51  Concussive Shells  
  51  6:57  Starport  
  51  7:02  SCV x2  
  51  7:03  Supply Depot  
  53  7:14  SCV x2  
  55  7:19  Siege Tank  
  58  7:24  Factory  
  58  7:27  SCV x2  
  60  7:33  Marine x2  
  60  7:36  Marauder  
  64  7:39  SCV x2  
  64  7:40  Starport Reactor  
  64  7:42  Supply Depot  
  66  7:45  Supply Depot  
  66  7:51  SCV x2  
  68  7:53  Armory  
  68  8:04  Siege Tank, Marine x2, Marauder  
  74  8:59  Thor  
  74  9:01  Factory Tech Lab  
  80  9:11  Terran Vehicle Weapons Level 1  
  80  9:12  Terran Infantry Armor Level 2  
  80  9:14  Armory  
  80  9:16  Medivac x2  
  84  9:17  Marine  
  84  9:18  Marine  
  86  9:25  Supply Depot  
  86  9:29  Supply Depot  
  86  9:38  Command Center  
  86  9:46  Command Center  
  86  9:47  Marauder, Thor  
  86  9:49  Supply Depot  
  86  9:52  Supply Depot  
  94  9:54  Thor  
  100  10:09  Marauder  
  100  10:10  Marine x2  
  104  10:15  Supply Depot  
  104  10:18  Supply Depot  
  104  10:28  Marine x2  
  104  10:30  Marauder  
  104  10:31  SCV  
  109  10:39  Thor  
  115  10:43  SCV  
  115  10:44  Hellbat  
  115  10:46  Marine x2  
  120  10:53  Orbital Command  
  120  10:58  Orbital Command  
  120  11:03  Marauder  
  122  11:04  Marine x2  
  124  11:14  Siege Tank  
  127  11:22  Marine  
  127  11:23  Siege Tank  
  127  11:25  Marauder  
  133  11:33  Terran Vehicle Weapons Level 2  
  133  11:34  Terran Vehicle And Ship Armor Level 1  
  133  11:42  Factory  
  133  11:50  Refinery  
  133  11:51  Refinery  
  133  12:22  Hellion x2  
  112  12:43  Hellion x2  
  76  12:55  Orbital Command  
  56  13:24  Refinery  
  53  13:47  Factory Reactor  
  53  13:54  Terran Vehicle And Ship Armor Level 2, Terran Vehicle Weapons Level 3  
  53  13:55  Factory  
  53  14:49  Hellbat x2  
  53  14:52  Thor x2  
  69  14:54  Factory Tech Lab  
  69  15:03  SCV  
  70  15:10  Hellbat x2  
  74  15:15  SCV  
  75  15:28  SCV  
  76  15:31  Hellbat  
  76  15:32  Hellbat  
  76  15:34  Thor  
  76  15:35  Thor  
  84  15:53  Hellbat x2  
  84  15:54  Marine x2  
  84  15:55  Marine  
  97  16:12  Marine x3  
  95  16:28  Siege Tank x2  
  95  16:29  Siege Tank  
  95  16:30  Marine x3  
  95  16:31  Hellbat x2  
  101  16:47  Marine  
  101  16:48  Marine x2  
  101  16:52  Hellbat x2  
  108  17:00  Siege Tank x2  
  108  17:01  Siege Tank  
  117  17:06  Marine  
  118  17:14  Hellbat x2  
  122  17:32  Siege Tank  
  122  17:33  Siege Tank x2  
  122  17:35  Hellion x2  
  135  17:56  Hellion  
  135  17:57  Hellion  
  139  18:05  Siege Tank x3  
  147  18:18  Hellion x2  
  142  18:37  Siege Tank, Thor x2  
  137  19:08  Thor  
  133  19:20  Siege Tank x2  
  139  19:52  Siege Tank x3  
  120  20:24  Siege Tank x3  
  120  21:25  Liberator  
  120  21:28  Siege Tank x2  
  120  21:29  Siege Tank  
  129  21:35  Marine x3  
  129  21:38  Terran Vehicle And Ship Armor Level 3  
  135  21:53  Marine x3  
  129  22:10  Orbital Command  
  129  22:11  Marine x3  
  105  22:28  Marine  
  105  22:29  Marine x2  
  84  22:47  Marine  
  61  23:11  Orbital Command  
  44  23:45  Marine x3  
  44  23:47  Orbital Command  
  47  23:50  Siege Tank x2  
  53  24:03  Marine  
  54  24:16  Terran Ship Weapons Level 1  
  53  24:45  Refinery  
  53  24:50  Refinery  
Show
View Real Time Build Order
Export as new Build Order

ranaxrbx Terran 

Build Orders: MMM Bio 

Get SALT Encoding   

  12  0:02  SCV  
  13  0:14  Refinery  
  13  0:16  SCV  
  15  0:35  SCV  
  15  0:40  Supply Depot  
  15  1:02  SCV  
  16  1:06  Barracks  
  16  1:12  Barracks  
  16  1:14  SCV  
  17  1:21  Barracks  
  17  1:26  SCV  
  18  1:39  SCV  
  19  1:55  Barracks Reactor  
  19  1:56  Orbital Command  
  19  2:05  Supply Depot  
  19  2:06  Barracks Reactor  
  19  2:11  Barracks Tech Lab  
  19  2:12  Refinery  
  19  2:19  Engineering Bay  
  19  2:35  Marine x3  
  22  2:39  SCV  
  23  2:45  Supply Depot  
  23  2:49  Marine  
  23  2:51  SCV  
  25  2:56  Factory  
  25  3:02  Marine  
  25  3:03  SCV  
  25  3:04  Marine  
  28  3:08  Marine  
  28  3:10  Marine  
  30  3:20  Supply Depot  
  30  3:21  Marine  
  30  3:23  Marine  
  32  3:29  Terran Infantry Weapons Level 1  
  32  3:39  SCV  
  33  3:41  Barracks  
  33  3:42  Factory Reactor  
  33  3:50  Marine  
  33  3:51  SCV  
  35  3:59  Marine x2  
  37  4:03  SCV  
  38  4:13  Supply Depot  
  38  4:32  Barracks Tech Lab  
  38  4:36  Command Center  
  38  4:42  Hellion x2  
  42  4:49  SCV  
  43  5:01  Barracks, SCV, Supply Depot  
  43  5:04  Hellion  
  46  5:14  Marine x3  
  46  5:15  Marine  
  50  5:23  Terran Infantry Armor Level 1  
  37  6:15  Marine, Marauder x2  
  37  6:16  Marine x3  
  37  6:17  Combat Shields  
  45  6:19  Barracks Reactor  
  45  6:22  Barracks  
  45  6:23  Hellion x2  
  49  6:32  Refinery  
  49  6:34  Orbital Command  
  49  6:36  Marauder  
  51  6:45  Hellion x2  
  55  6:47  Marine  
  55  6:48  Marine  
  55  6:49  Marauder  
  55  6:52  Stimpack  
  59  7:02  SCV  
  59  7:06  Hellion  
  59  7:08  Marauder  
  64  7:14  SCV  
  65  7:26  SCV  
  65  7:27  Factory  
  66  7:30  Armory  
  66  7:36  Barracks Tech Lab  
  68  7:37  Marauder  
  68  7:38  SCV, Starport  
  68  7:39  Marauder  
  68  7:40  Marine  
  72  7:50  SCV  
  73  7:52  Supply Depot  
  73  8:02  SCV  
  73  8:03  Concussive Shells  
  74  8:06  Marauder x2  
  78  8:14  SCV, Marauder  
  81  8:27  SCV, Marauder x2  
  78  8:39  SCV  
  55  8:52  Marauder x2  
  55  8:53  Marine x4  
  63  8:56  Starport Reactor  
  63  9:01  Supply Depot, Factory Tech Lab  
  63  9:10  Marine  
  63  9:11  SCV, Marine x3  
  63  9:14  Marauder x2  
  72  9:23  SCV  
  73  9:27  Barracks  
  73  9:30  Supply Depot x2  
  73  9:33  Medivac  
  73  9:34  Medivac  
  73  9:35  SCV  
  78  9:47  SCV  
  79  9:59  SCV  
  80  10:00  Missile Turret  
  80  10:03  Medivac  
  82  10:08  Refinery  
  82  10:11  SCV  
  83  10:14  Medivac  
  83  10:18  Marauder  
  83  10:19  Marauder  
  83  10:21  Missile Turret  
  89  10:22  Marine  
  89  10:23  SCV, Marine  
  92  10:31  Barracks Tech Lab  
  92  10:33  Medivac, Marine x4  
  92  10:35  Marine  
  99  10:39  Marine  
  99  10:42  Missile Turret, Hellion  
  102  10:43  Hellbat  
  102  10:49  Supply Depot  
  104  11:03  Missile Turret  
  104  11:05  Supply Depot  
  104  11:16  Marauder x2  
  104  11:17  Marauder x2  
  104  11:18  Marine x4  
  114  11:19  Marine  
  114  11:24  Missile Turret  
  117  11:25  Supply Depot  
  117  11:31  Supply Depot  
  117  11:42  Medivac x2  
  117  11:44  Orbital Command  
  121  11:57  Supply Depot  
  121  12:12  Medivac  
  123  12:19  Marine  
  123  12:20  Marine x7  
  123  12:21  Marine x2  
  81  12:37  Marine x2  
  81  12:38  Marine  
  81  12:39  Marauder x3  
  87  13:31  Marauder  
  87  13:32  Marauder x3  
  87  13:33  Marine x3  
  98  13:53  Marauder x4  
  98  13:54  Marine x2  
  108  13:56  Marine  
  109  14:14  Marauder x3  
  109  14:15  Marauder  
  117  14:28  Terran Infantry Weapons Level 2  
  117  14:36  Marauder x3  
  123  15:00  SCV  
  124  15:12  SCV  
  116  15:24  SCV  
  116  15:26  Marauder x3  
  116  15:27  Marine x4, Marauder  
  116  15:28  Marine x2  
  93  15:36  SCV  
  93  15:42  Medivac x2  
  97  15:45  Marine x6  
  97  15:47  Marine  
  97  15:48  SCV, Marauder x3  
  107  16:02  Marine  
  107  16:03  Marine x5  
  111  16:06  Marauder  
  111  16:09  Marauder x3  
  119  16:12  Medivac  
  101  16:20  Marine  
  101  16:21  Marine x5  
  103  16:27  Marine  
  103  16:30  Marine x3  
  98  16:38  Marine x3  
  98  16:39  Marine x3  
  91  16:45  Marauder  
  92  16:48  Marauder x3  
  98  16:56  Marine x4  
  98  16:57  Marine x2  
  104  17:06  Marauder  
  106  17:09  Marine x3  
  109  17:27  Marauder x2  
  109  17:28  SCV, Marauder  
  113  17:40  SCV  
  114  17:52  SCV  
  115  18:04  SCV  
  109  18:16  SCV  
  86  18:56  Command Center  
  86  18:57  Marine x3, Marauder x4  
  86  18:58  Marine x3  
  82  19:15  Marine x4  
  82  19:16  Marine x2  
  86  19:18  Marine, Marauder x2  
  91  19:35  Marine x3  
  91  19:36  Marine x5  
  99  19:39  Marine x2  
  101  19:53  Marine x2  
  101  19:54  Marauder x2  
  101  19:56  Medivac  
  101  19:57  Medivac, Marauder x2  
  70  20:15  Marine  
  70  20:16  Marine x3, Marauder x2  
  70  20:19  Marauder  
  76  20:29  Marine x3  
  75  20:57  Orbital Command  
  74  21:34  SCV  
  74  21:38  Marauder x2  
  74  21:39  Marauder  
  83  21:40  Marine, Marauder  
  83  21:46  Hellbat, SCV  
  87  21:51  Hellbat  
  89  21:58  SCV  
  90  22:10  Hellbat x2, SCV  
  90  22:12  Hellbat  
  90  22:14  Marauder x4  
  105  22:15  Marine x2  
  105  22:16  Marine x4  
  105  22:22  SCV  
  112  22:26  Medivac  
  112  22:27  Medivac  
  116  22:32  Hellbat x2  
  116  22:33  Marine x3  
  116  22:34  Hellbat, Marine x2  
  116  22:35  Marauder x4  
  106  22:49  Marine  
  106  22:51  Marine x4  
  88  22:52  Marine  
  88  22:56  Medivac, Marine x4  
  83  23:14  Marauder x2  
  81  23:40  SCV  
  82  23:47  Medivac  
  82  23:48  Medivac  
  86  23:51  Marauder  
  86  23:52  SCV, Marauder x3  
  86  23:53  Marine x2  
  86  23:54  Marine x3  
  100  24:04  SCV  
  101  24:13  Marauder x3  
  101  24:16  SCV  
  108  24:17  Medivac  
  108  24:18  Medivac  
  112  24:27  Refinery  
  112  24:34  Refinery  
  112  24:35  Marine x6  
  112  24:36  Marine x4  
  122  24:47  Medivac  
  124  24:52  Marine  
  124  24:53  Marine x2  
  124  24:54  Marauder x2  
  131  25:05  Marauder x2  
  131  25:06  Marine x2  
  137  25:15  Marauder x2  
  113  25:21  Command Center  
  113  25:26  Marauder  
  113  25:27  Marauder  
  56  25:45  Marine x3  
  56  25:46  Marine x5  
Tags
 
Add a new tag
Caveats
  • Supply blocks, unpowered buildings, or Contaminate may cause inaccurate times.
  • Supply counts are checked every 10 seconds.